 Dungeon Crawl Stone Soup version 0.21.1-1-g345015f (webtiles) character file.

64 wojtek the Digger (level 3, -1/19 HPs)
             Began as a Deep Elf Earth Elementalist on June 30, 2018.
             Slain by a gnoll
             ... wielding a +1 halberd of chopping
              (3 damage)
             ... on level 2 of the Dungeon.
             The game lasted 00:04:02 (1580 turns).

wojtek the Digger (Deep Elf Earth Elementalist)     Turns: 1580, Time: 00:04:05

Health: -1/19      AC:  2    Str:  5    XL:     3   Next: 91%
Magic:  6/9        EV: 13    Int: 20    God:
Gold:   67         SH:  0    Dex: 15    Spells: 5/8 levels left

rFire    . . .     SeeInvis .   l - +0 club
rCold    . . .     Gourm    .   (no shield)
rNeg     . . .     Faith    .   c - +0 robe
rPois    .         Spirit   .   (no helmet)
rElec    .         Reflect  .   (no cloak)
rCorr    .         Harm     .   (no gloves)
MR       .....                  (no boots)
Stlth    ++........             (no amulet)
HPRegen  0.06/turn              (no ring)
MPRegen  0.11/turn              (no ring)

@: no status effects
A: no striking features
a: no special abilities


You were on level 2 of the Dungeon.
You were not hungry.

You visited 1 branch of the dungeon, and saw 2 of its levels.

You collected 67 gold pieces.

Inventory:

Hand Weapons
 l - a +0 club (weapon)
Missiles
 b - 146 stones (quivered)
 j - 11 tomahawks
Armour
 c - a +0 robe (worn)
 i - a +2 buckler
Jewellery
 o - a cursed ring of teleportation {unknown}
Scrolls
 g - 3 scrolls of blinking {unknown}
 h - a scroll of magic mapping {unknown}
 n - a scroll of enchant armour {unknown}
 p - a scroll of enchant weapon {unknown}
 q - 3 scrolls of identify {unknown}
 s - a scroll of teleportation {unknown}
 u - a scroll of amnesia {unknown}
Potions
 a - a potion of lignification {unknown}
 k - a potion of flight {unknown}
 m - 2 potions of degeneration {unknown}
 r - a potion of ambrosia {unknown}
 t - 2 potions of curing {unknown}
 v - a potion of heal wounds {unknown}
Books
 e - a book of Geomancy

   Spells                             Type                      Level
   a - Sandblast                      Earth                        1
   b - Passwall                       Transmutation/Earth          2
   c - Stone Arrow                    Conjuration/Earth            3
   d - Petrify                        Transmutation/Earth          4
   e - Lee's Rapid Deconstruction     Earth                        5
Comestibles
 d - 3 rations
 f - a chunk of flesh


   Skills:
 - Level 2.4 Dodging
 - Level 2.4 Stealth
 + Level 3.4 Spellcasting
 - Level 1.1 Transmutations
 + Level 5.1 Earth Magic


You had 5 spell levels left.
You knew the following spells:

 Your Spells              Type           Power        Failure   Level  Hunger
a - Sandblast             Erth           ###...       1%          1    None
b - Passwall              Tmut/Erth      ###.......   5%          2    ##.....


Dungeon Overview and Level Annotations

Branches:
Dungeon (2/15)

Altars:
Fedhas
Ru
Yredelemnul
The Shining One


Message History

Confirm with . or Enter, or press ? or * to list all spells.
Aiming: Sandblast
Press: ? - help, Shift-Dir - straight line, f/p - gnoll
Aim: a gnoll, wielding a whip (severely wounded)
The blast of sand hits the gnoll.
You kill the gnoll!
b - 147 stones
There is a blossoming altar of Fedhas here.
Casting: Sandblast
Confirm with . or Enter, or press ? or * to list all spells.
Aiming: Sandblast
Press: ? - help, Shift-Dir - straight line, f - gnoll
Aim: a gnoll, wielding a halberd of chopping The blast of sand hits the gnoll.
The gnoll is heavily wounded.
b - 146 stones The gnoll hits you from afar with a halberd of chopping!
Ouch! That really hurt!
* * * LOW HITPOINT WARNING * * *
You die...

# ### #######...#.... #
#.###....)...##.... # #######
##.....#####..##.... ###.....##
#..##### #.......... ##.......##
##.## #.......... #....>....#
#..# ###'#.....<.. ..........#
#..# #..#.#........
..........###.#####..##.##.......
..............g.@...##...#.....##
.[...........#########...##...###
....................#.....#......
......).._.#.###.####)....###..##
...........#.## ###....8....#####
..............###......#......###
[...........###_.....8###8....._#
#.............###......#......###
##..............###....8....###


You could see a gnoll.

Vanquished Creatures
  An adder (D:2)
  2 gnolls (D:2)
  An ooze (D:1)
  A ball python (D:1)
  9 bats
  A giant cockroach (D:1)
  5 goblins (D:1)
  5 hobgoblins
  2 frilled lizards
  2 kobolds (D:1)
  3 rats
32 creatures vanquished.

Notes
Turn   | Place    | Note
-------+----------+-------------------------------------------
     0 | D:1      | wojtek the Deep Elf Earth Elementalist began the quest for the Orb.
     0 | D:1      | Reached XP level 1. HP: 10/10 MP: 6/6
     2 | D:1      | Noticed a gargoyle
     4 | D:1      | Noticed a naga
     6 | D:1      | Noticed a centaur
     6 | D:1      | Noticed an octopode
     8 | D:1      | Noticed a ghoul
     8 | D:1      | Noticed a dwarf
    10 | D:1      | Noticed a vine stalker
    12 | D:1      | Noticed a vampire
    12 | D:1      | Noticed a tengu
    14 | D:1      | Noticed an ogre
    14 | D:1      | Noticed a troll
    16 | D:1      | Noticed a demonspawn
    16 | D:1      | Noticed a demigod
    19 | D:1      | Noticed a formicid
    21 | D:1      | Noticed a halfling
    21 | D:1      | Noticed an elf
    23 | D:1      | Noticed a draconian
    23 | D:1      | Noticed a minotaur
    25 | D:1      | Noticed a spriggan
    25 | D:1      | Noticed a human
    27 | D:1      | Noticed a merfolk
    27 | D:1      | Noticed a felid
   192 | D:1      | Reached skill level 4 in Earth Magic
   192 | D:1      | Reached XP level 2. HP: 13/15 MP: 5/8
   621 | D:1      | Learned a level 2 spell: Passwall
   762 | D:1      | Reached XP level 3. HP: 19/19 MP: 7/9
   884 | D:2      | Found a blossoming altar of Fedhas.
  1073 | D:2      | Reached skill level 5 in Earth Magic
  1480 | D:2      | Found a sacrificial altar of Ru.
  1488 | D:2      | Found a basalt altar of Yredelemnul.
  1497 | D:2      | Found a glowing golden altar of the Shining One.
  1580 | D:2      | Slain by a gnoll

Skill      XL: |  1  2  3 |
---------------+----------+-----
Earth Magic    | 4 5 |  5.1
Dodging        | |  2.4
Stealth        | |  2.4
Spellcasting   | |  3.4
Transmutations | |  1.1

Action                   || total
-------------------------++-------
Melee: Club              ||    38
 Cast: Sandblast         ||    39
       Passwall          ||     2
  Eat: Chunk             ||     2
Armor: Robe              ||    13
Dodge: Dodged            ||    58
